[Event "Titled Tuesday Blitz November 08 Early 2022"]
[White "Boyer, Mahel"]
[Black "Manukian, Artak"]
[WhiteFideId "45102422"]
[BlackFideId "13301373"]
[WhiteElo "2454"]
[BlackElo "2130"]
[Result "1/2-1/2"]
[Round "04"]
[TimeControl "180+1"]
[Date "2022.11.09"]
[WhiteClock "0:00:13"]
[BlackClock "0:00:56"]

1. e4 c6 2. Nf3 d5 3. Nc3 dxe4 4. Nxe4 Nf6 5. Nxf6+ exf6 6. Bc4 Bd6 7. Qe2+ Qe7 8. Qxe7+ Kxe7 9. O-O Be6 10. Re1 Kd7 11. Bxe6+ fxe6 12. d4 Na6 13. a3 Nc7 14. c4 Rhe8 15. Be3 b5 16. Rac1 bxc4 17. Rxc4 Nd5 18. Rec1 Rec8 19. Bd2 a5 20. Ne1 a4 21. Nd3 Ra6 22. g3 Rb8 23. Kf1 Rb3 24. Ke2 g5 25. h3 h6 26. R1c2 Rbb6 27. Bb4 Nxb4 28. axb4 a3 29. bxa3 Rxa3 30. h4 Rba6 31. hxg5 hxg5 32. Nc5+ Bxc5 33. dxc5 Ra2 34. Rd4+ Ke7 35. Rxa2 Rxa2+ 36. Kf3 f5 37. Ke3 Rb2 38. f3 Rb3+ 39. Ke2 Kf6 40. f4 g4 41. Rc4 e5 42. Kd2 Ke6 43. fxe5 Kxe5 44. Kc2 Rxg3 45. b5 Kd5 46. bxc6 Kxc6 47. Rf4 Rf3 48. Rxf3 gxf3 49. Kd2 Kxc5 50. Ke3 Kd5 51. Kxf3 Ke5 52. Ke3 Kf6 53. Kf4 Kg6 54. Kf3 Kg5 55. Kg3 Kf6 56. Kf4 Ke6 57. Kf3 Ke5 58. Ke3 f4+ 59. Kf3 Kf5 60. Kf2 Kg5 61. Kf3 Kf5 62. Kf2 Ke4 63. Ke2 Ke5 64. Kf3 Kf5 1/2-1/2


[Site "https://www.chess.com"]

[Event "Titled Tuesday Blitz November 08 Early 2022"]
[White "Chakraborty, Dipro"]
[Black "Fajdetic, Hrvoje"]
[WhiteFideId "2045524"]
[BlackFideId "14501945"]
[WhiteElo "2130"]
[BlackElo "2172"]
[Result "1-0"]
[Round "04"]
[TimeControl "180+1"]
[Date "2022.11.09"]
[WhiteClock "0:00:05"]
[BlackClock "0:00:01"]

1. d4 e6 2. Bf4 f5 3. Nc3 Nf6 4. e3 Bb4 5. Ne2 O-O 6. a3 Bxc3+ 7. Nxc3 b6 8. Be2 Bb7 9. O-O d6 10. h3 Nbd7 11. Bh2 Qe8 12. Bf3 Bxf3 13. Qxf3 Qh5 14. Qc6 Rac8 15. Nb5 e5 16. dxe5 Nxe5 17. Bxe5 dxe5 18. Nxa7 Ra8 19. Nb5 f4 20. Rfe1 Ra5 21. Nxc7 Rc5 22. Qe6+ Kh8 23. Qe7 Rc8 24. Ne6 Qg6 25. Nxc5 f3 26. g3 bxc5 27. Rad1 h5 28. Rd8+ Rxd8 29. Qxd8+ Kh7 30. Qa8 Qf5 31. Kh2 Ne4 32. Rf1 Ng5 33. g4 hxg4 34. Qd8 gxh3 35. Rg1 Ne4 36. Qh4+ Kg8 37. a4 g5 38. a5 Kf7 39. Qh5+ Kf6 40. Qh6+ Kf7 41. Qxh3 Qxh3+ 42. Kxh3 1-0


[Site "https://www.chess.com"]

[Event "Titled Tuesday Blitz November 08 Early 2022"]
[White "Chigaev, Maksim"]
[Black "Postny, Evgeny"]
[WhiteFideId "4108116"]
[BlackFideId "2804344"]
[WhiteElo "2541"]
[BlackElo "2476"]
[Result "1-0"]
[Round "04"]
[TimeControl "180+1"]
[Date "2022.11.08"]
[WhiteClock "0:00:02"]
[BlackClock "0:00:01"]

1. Nf3 d5 2. c4 c6 3. e3 Bg4 4. Nc3 e6 5. Qb3 Qb6 6. Ne5 Bf5 7. d4 Nf6 8. Bd2 Nbd7 9. Nxd7 Nxd7 10. Be2 Qxb3 11. axb3 Bc2 12. Bd1 Bd3 13. c5 e5 14. b4 a6 15. b5 Bxb5 16. Nxb5 cxb5 17. Bb3 exd4 18. exd4 Nf6 19. O-O-O O-O-O 20. Rhe1 Rd7 21. Bc2 g6 22. Bg5 Bg7 23. f3 Re8 24. Bb3 Rde7 25. Rxe7 Rxe7 26. Kd2 Kc7 27. g4 Kc6 28. Kd3 Re6 29. h4 Nd7 30. Be3 Nf8 31. Rg1 Re8 32. f4 Re4 33. f5 Nd7 34. h5 g5 35. Bc2 h6 36. Kd2 Rxd4+ 37. Bxd4 Bxd4 38. Re1 Ne5 39. Bd1 Kxc5 40. b3 Kd6 41. Be2 f6 42. Rc1 Bc5 43. Rd1 b4 44. Kc2 a5 45. Bc4 d4 46. Be2 Kd5 47. Ra1 b6 48. Re1 Ke4 49. Bc4+ Kf4 50. Be2 Kg3 51. Bd1 Kf2 52. Rxe5 fxe5 53. Kd3 Be7 54. Bc2 Kf3 55. Bd1+ 1-0


[Site "https://www.chess.com"]

[Event "Titled Tuesday Blitz November 08 Early 2022"]
[White "Concio, Michael Jr."]
[Black "Koridze, Lile"]
[WhiteFideId "5217873"]
[BlackFideId "13612514"]
[WhiteElo "2236"]
[BlackElo "2050"]
[Result "0-1"]
[Round "04"]
[TimeControl "180+1"]
[Date "2022.11.09"]
[WhiteClock "0:00:01"]
[BlackClock "0:00:27"]

1. e4 c5 2. Ne2 d6 3. Nbc3 Nf6 4. g3 g6 5. Bg2 Bg7 6. d3 O-O 7. h3 Nc6 8. Be3 Rb8 9. d4 cxd4 10. Nxd4 a6 11. a4 Nd7 12. O-O Nde5 13. b3 Nxd4 14. Bxd4 Bd7 15. Nd5 e6 16. Nb6 Bc6 17. Kh2 Qf6 18. c3 Qe7 19. f4 Nd7 20. Bxg7 Kxg7 21. Nc4 Nc5 22. b4 Nxe4 23. Bxe4 Bxe4 24. Qxd6 Qf6 25. Ne5 Rfd8 26. Qb6 Rbc8 27. Qe3 Bd5 28. Rfd1 h5 29. Rd4 Bc6 30. Rad1 Rxd4 31. Rxd4 Bxa4 32. Qf3 Bc6 33. Qd3 Qe7 34. Rd6 Bb5 35. Qd4 Qf6 36. c4 Bc6 37. c5 Bd5 38. Qd3 a5 39. Nd7 Qb2+ 40. Kg1 Qg2# 0-1


[Site "https://www.chess.com"]

[Event "Titled Tuesday Blitz November 08 Early 2022"]
[White "D`Arruda, Ricardo D."]
[Black "Wirig, Anthony"]
[WhiteFideId "100692"]
[BlackFideId "615013"]
[WhiteElo "2488"]
[BlackElo "2487"]
[Result "1-0"]
[Round "04"]
[TimeControl "180+1"]
[Date "2022.11.09"]
[WhiteClock "0:00:18"]
[BlackClock "0:00:01"]

1. d4 Nf6 2. Nf3 e6 3. c4 Bb4+ 4. Nbd2 O-O 5. a3 Be7 6. e4 d6 7. Bd3 Nfd7 8. O-O e5 9. b4 a5 10. Bb2 Bf6 11. d5 g6 12. Qc2 c6 13. c5 dxc5 14. bxc5 Na6 15. Bxa6 Rxa6 16. Rfd1 Qe7 17. Rac1 Bg7 18. Nc4 Qxc5 19. Ncxe5 Qxc2 20. Rxc2 Nxe5 21. Nxe5 Re8 22. f4 cxd5 23. exd5 Bf5 24. Rc7 Rb6 25. Bd4 Rd6 26. Bc5 Rdd8 27. Re7 Bxe5 28. fxe5 Rxe7 29. Bxe7 Rc8 30. e6 Re8 31. d6 Bxe6 32. d7 Bxd7 33. Rxd7 b5 34. Bf6 b4 35. axb4 axb4 36. Rb7 h6 37. h4 b3 38. g4 g5 39. hxg5 hxg5 40. Rxb3 Re4 41. Rg3 Kh7 42. Bxg5 Kg6 43. Be3 Ra4 44. Kg2 Rc4 45. Kf3 Ra4 46. g5 Rc4 47. Rh3 Kf5 48. Rh6 Rc7 49. Rf6+ 1-0


[Site "https://www.chess.com"]

[Event "Titled Tuesday Blitz November 08 Early 2022"]
[White "Dahlgren, James Allen"]
[Black "Shuvalova, Polina"]
[WhiteFideId "22256873"]
[BlackFideId "24171760"]
[WhiteElo "2211"]
[BlackElo "2342"]
[Result "0-1"]
[Round "04"]
[TimeControl "180+1"]
[Date "2022.11.09"]
[WhiteClock "0:00:33"]
[BlackClock "0:01:15"]

1. e4 c5 2. Nc3 e6 3. f4 Nc6 4. Nf3 d5 5. Bb5 d4 6. Ne2 Bd7 7. d3 Bd6 8. O-O Nge7 9. g4 h5 10. g5 h4 11. Bd2 Qb6 12. Bc4 f6 13. a4 Qc7 14. Qe1 O-O-O 15. gxf6 gxf6 16. Nxh4 Rdg8+ 17. Kh1 Ng6 18. Nxg6 Rxg6 19. Rg1 Rgh6 20. Rg2 f5 21. e5 Be7 22. Ng3 Nd8 23. Qe2 Bc6 24. Kg1 Bxg2 25. Qxg2 Rxh2 26. Qxh2 Rxh2 27. Kxh2 Bh4 28. Rg1 Qh7 29. Be1 Bg5+ 30. Kg2 Bxf4 31. Kf3 Bxe5 32. Rh1 Qg7 33. Bf2 Qg4+ 34. Kg2 f4 0-1


[Site "https://www.chess.com"]

[Event "Titled Tuesday Blitz November 08 Early 2022"]
[White "De Silva, L M S T"]
[Black "Biastoch, Bennet"]
[WhiteFideId "9953698"]
[BlackFideId "12939889"]
[WhiteElo "2416"]
[BlackElo "2221"]
[Result "0-1"]
[Round "04"]
[TimeControl "180+1"]
[Date "2022.11.09"]
[WhiteClock "0:02:06"]
[BlackClock "0:01:03"]

1. d4 d5 2. Nc3 Nf6 3. Bf4 c6 4. e3 Bf5 5. Nf3 e6 6. h3 h6 7. Be2 Bd6 8. Bxd6 Qxd6 9. Ne5 Nbd7 10. f4 Ne4 11. Nxe4 Bxe4 12. O-O Nxe5 13. fxe5 Qe7 14. Bd3 Bxd3 15. Qxd3 O-O-O 16. Rf3 f6 17. exf6 gxf6 18. Raf1 f5 19. g4 Rdg8 20. Rg3 h5 21. Rf4 Qh4 22. Rg2 hxg4 23. hxg4 fxg4 24. Qa3 Qe1+ 25. Rf1 Rh1+ 26. Kxh1 Qxf1+ 27. Kh2 g3+ 28. Kh3 Qf5+ 0-1


[Site "https://www.chess.com"]

[Event "Titled Tuesday Blitz November 08 Early 2022"]
[White "Deac, Bogdan-Daniel"]
[Black "Belozerov, Andrei"]
[WhiteFideId "1226380"]
[BlackFideId "4120213"]
[WhiteElo "2648"]
[BlackElo "2360"]
[Result "1-0"]
[Round "04"]
[TimeControl "180+1"]
[Date "2022.11.08"]
[WhiteClock "0:00:06"]
[BlackClock "0:00:14"]

1. e4 c6 2. Nf3 d5 3. d3 g6 4. Nbd2 Bg7 5. g3 e5 6. Bg2 Ne7 7. O-O O-O 8. a4 Qc7 9. c3 h6 10. Re1 Be6 11. d4 Nd7 12. dxe5 Nxe5 13. Nxe5 Bxe5 14. Nf3 Bg7 15. Bf4 Qb6 16. Qc1 g5 17. Bd6 Rfe8 18. Bxe7 Rxe7 19. exd5 cxd5 20. h4 g4 21. Nd4 Bxd4 22. cxd4 Qxd4 23. Qxh6 Qg7 24. Qxg7+ Kxg7 25. Bxd5 Rd8 26. Bxe6 Rxe6 27. Rxe6 fxe6 28. Re1 Kf6 29. Re4 Rg8 30. Rf4+ Ke7 31. a5 Rg7 32. Kg2 e5 33. Rf5 Ke6 34. Rf8 Kd5 35. Rc8 Ke4 36. b4 a6 37. Kf1 Kf3 38. Rc3+ Ke4 39. Ke2 Kd4 40. Rc5 Rf7 41. Rc8 Rf3 42. Rg8 Rb3 43. Rxg4+ e4 44. h5 Rb2+ 45. Kf1 Kd3 46. h6 e3 47. fxe3 Kxe3 48. h7 Kf3 49. Rf4+ Kxg3 50. h8=Q Rb1+ 51. Ke2 Kxf4 52. Qd4+ Kg5 53. Qe5+ Kh6 54. Qf6+ Kh5 55. Qf5+ Kh6 56. Qxb1 b5 57. axb6 a5 58. bxa5 1-0


[Site "https://www.chess.com"]

[Event "Titled Tuesday Blitz November 08 Early 2022"]
[White "Degenbaev, Aziz"]
[Black "Terzi, Alexei"]
[WhiteFideId "13802640"]
[BlackFideId "13505076"]
[WhiteElo "2039"]
[BlackElo "2172"]
[Result "1/2-1/2"]
[Round "04"]
[TimeControl "180+1"]
[Date "2022.11.09"]
[WhiteClock "0:00:12"]
[BlackClock "0:00:41"]

1. c4 c5 2. Nf3 Nc6 3. d4 cxd4 4. Nxd4 g6 5. e4 Nf6 6. Nc3 d6 7. Be2 Nxd4 8. Qxd4 Bg7 9. Qd3 O-O 10. O-O Be6 11. Rb1 Nd7 12. b3 Nc5 13. Qc2 Bxc3 14. Qxc3 Nxe4 15. Qd4 Nf6 16. Bh6 Re8 17. Bg5 Nd7 18. Bh6 f6 19. Rfe1 Qb6 20. Qh4 Bf7 21. Rbd1 a5 22. Be3 Nc5 23. f4 a4 24. f5 axb3 25. fxg6 hxg6 26. axb3 Qxb3 27. Bd4 Ra2 28. Rb1 Qc2 29. Bxc5 dxc5 30. Rxb7 Bxc4 31. Qxc4+ Kg7 32. Qe6 Qd2 33. Rxe7+ Rxe7 34. Qxe7+ Kh6 35. Bf3 Qf2+ 36. Kh1 Qd4 37. h3 Ra1 38. Qf8+ Kg5 39. Rxa1 Qxa1+ 40. Kh2 Qe5+ 41. Kh1 Qe1+ 42. Kh2 Qe5+ 43. Kh1 Qe1+ 44. Kh2 Qe5+ 1/2-1/2


[Site "https://www.chess.com"]

[Event "Titled Tuesday Blitz November 08 Early 2022"]
[White "Donchenko, Alexander"]
[Black "Kim, Sergey"]
[WhiteFideId "24603295"]
[BlackFideId "13700570"]
[WhiteElo "2878"]
[BlackElo "2612"]
[Result "1/2-1/2"]
[Round "04"]
[TimeControl "180+1"]
[Date "2022.11.09"]
[WhiteClock "0:00:04"]
[BlackClock "0:00:22"]

1. c4 Nf6 2. g3 g6 3. Bg2 Bg7 4. Nc3 d6 5. d4 O-O 6. Nf3 Nbd7 7. O-O e5 8. e4 exd4 9. Nxd4 Re8 10. h3 Nc5 11. Re1 c6 12. Qc2 a5 13. Be3 a4 14. Rac1 Nfd7 15. Rcd1 Qa5 16. f4 Qb4 17. Bf1 Nb6 18. a3 Qa5 19. Bf2 Nbd7 20. Nf3 Bf8 21. g4 Nf6 22. e5 dxe5 23. Nxe5 Bg7 24. Bg2 Nfd7 25. Nxf7 Kxf7 26. Rxe8 Kxe8 27. Qe2+ Kf8 28. Re1 Qd8 29. f5 Bf6 30. fxg6 hxg6 31. h4 Bxh4 32. Bxh4 Qxh4 33. Qe8+ Kg7 34. Re7+ Kh6 35. Ne4 Nxe4 36. Rxe4 Nf6 37. Qf8+ Kg5 38. Re5+ Bf5 39. Qxa8 Qxg4 40. Qa5 Qd4+ 41. Kh1 Ng4 42. Re2 Nf2+ 43. Kh2 Ng4+ 44. Kh1 Nf2+ 45. Kh2 Ng4+ 46. Kh1 1/2-1/2


[Site "https://www.chess.com"]

[Event "Titled Tuesday Blitz November 08 Early 2022"]
[White "Dubov, Daniil"]
[Black "Hernandez Gonzalez, William"]
[WhiteFideId "24126055"]
[BlackFideId "3509915"]
[WhiteElo "2961"]
[BlackElo "2620"]
[Result "1-0"]
[Round "04"]
[TimeControl "180+1"]
[Date "2022.11.09"]
[WhiteClock "0:00:08"]
[BlackClock "0:00:03"]

1. e4 c5 2. Nf3 d6 3. d4 cxd4 4. Nxd4 Nf6 5. Nc3 g6 6. Bc4 a6 7. O-O Bg7 8. Re1 O-O 9. h3 b5 10. Bd5 Nxd5 11. exd5 Bb7 12. Bg5 Re8 13. a3 Nd7 14. Na2 Nb6 15. Nb4 Qd7 16. Ndc6 Bf8 17. Qd4 Nxd5 18. Qxd5 e6 19. Qf3 Rac8 20. Nd5 exd5 21. Nd4 Re4 22. Bf6 Rce8 23. Red1 Bg7 24. Bxg7 Kxg7 25. Rd3 Qe7 26. Rad1 Qf6 27. Qxf6+ Kxf6 28. Kf1 h5 29. f3 Re3 30. Rxe3 Rxe3 31. Kf2 Re5 32. h4 Re7 33. Rd3 Kg7 34. Rc3 Kf6 35. Rd3 Kg7 36. a4 bxa4 37. Ra3 Bc8 38. Rxa4 Rb7 39. b3 Rb6 40. Ra5 Be6 41. Ke3 Kf6 42. Ra1 Ke5 43. Re1 Kf6 44. Kf4 Bd7 45. g4 a5 46. g5+ Kg7 47. Re7 Bc8 48. Ra7 Ra6 49. Rc7 Bh3 50. Rc6 Ra7 51. Rxd6 a4 52. bxa4 Rxa4 53. Ke5 Ra3 54. Rxd5 Bg2 55. Rb5 Bxf3 56. Rb3 Rxb3 57. cxb3 Bb7 58. b4 Kf8 59. Kf6 Ke8 60. Nb5 Bd5 61. Nd6+ Kf8 62. b5 Ba8 63. b6 Bd5 64. Nxf7 Bb7 65. Ne5 Ke8 66. Nxg6 Kd7 67. Ne5+ Kd6 68. g6 Bd5 69. g7 Kc5 70. Nf7 1-0


[Site "https://www.chess.com"]

[Event "Titled Tuesday Blitz November 08 Early 2022"]
[White "Ernst, Sipke"]
[Black "Selbes, Tarik"]
[WhiteFideId "1004689"]
[BlackFideId "6302513"]
[WhiteElo "2436"]
[BlackElo "2290"]
[Result "1/2-1/2"]
[Round "04"]
[TimeControl "180+1"]
[Date "2022.11.09"]
[WhiteClock "0:00:11"]
[BlackClock "0:00:15"]

1. d4 Nf6 2. c4 g6 3. Nc3 Bg7 4. e4 d6 5. h3 O-O 6. Be3 c5 7. Nf3 cxd4 8. Nxd4 Nc6 9. Be2 Nxd4 10. Bxd4 Be6 11. Rc1 Rc8 12. b3 a6 13. O-O Qa5 14. f4 b5 15. f5 Bd7 16. cxb5 axb5 17. Bxf6 Bxf6 18. Nd5 Bg5 19. Rxc8 Rxc8 20. fxg6 hxg6 21. Qd4 Qxa2 22. Rf2 Rc1+ 23. Bf1 Qa1 24. Qxa1 Rxa1 25. g3 Bxh3 26. Rf3 e6 27. Nc3 b4 28. Nb5 Re1 29. Nxd6 Bg4 30. Rf2 Be3 31. Nc4 Bd4 32. Kg2 Bxf2 33. Kxf2 Rb1 34. Nd2 Rb2 35. Ke3 Bd1 36. Bc4 Kg7 37. e5 g5 38. Kd3 Kg6 39. Ke3 Kf5 40. Bd3+ Kxe5 41. Nc4+ Kf6 42. Nxb2 Bxb3 43. Bc4 Bc2 44. Nd3 Bxd3 45. Kxd3 Ke5 46. Ke3 f5 47. Bb3 f4+ 48. gxf4+ gxf4+ 49. Kf3 Kf5 50. Bc2+ Kg5 51. Bb3 e5 52. Bd5 Kf6 53. Be4 Ke7 54. Bc2 Kd6 55. Ke4 Kc5 56. Kxe5 f3 57. Ke4 f2 58. Bd3 b3 59. Ke3 f1=Q 60. Bxf1 Kb4 61. Bd3 Kc3 62. Ke2 b2 63. Ke3 b1=Q 64. Bxb1 1/2-1/2


[Site "https://www.chess.com"]

[Event "Titled Tuesday Blitz November 08 Early 2022"]
[White "Faizrakhmanov, Ramil"]
[Black "Terry, Renato"]
[WhiteFideId "24103209"]
[BlackFideId "3803457"]
[WhiteElo "2437"]
[BlackElo "2577"]
[Result "1-0"]
[Round "04"]
[TimeControl "180+1"]
[Date "2022.11.08"]
[WhiteClock "0:00:04"]
[BlackClock "0:00:03"]

1. d4 d5 2. c4 dxc4 3. Nf3 Nf6 4. e3 e6 5. Bxc4 a6 6. O-O c5 7. dxc5 Bxc5 8. Qxd8+ Kxd8 9. Ne5 Ke7 10. Be2 Nbd7 11. Nc4 Nb6 12. b4 Nxc4 13. bxc5 Ne5 14. Bb2 Nc6 15. Nc3 Rd8 16. Na4 Bd7 17. Nb6 Rab8 18. Bf3 Be8 19. Bxc6 Bxc6 20. Be5 Ne4 21. Bxb8 Rxb8 22. Rac1 g5 23. f3 Nf6 24. e4 g4 25. Rfd1 Rg8 26. Kf2 Nh5 27. Nc4 gxf3 28. gxf3 Nf4 29. Na5 Bb5 30. Nxb7 e5 31. Rd2 Rg6 32. Nd6 Nd3+ 33. Rxd3 Bxd3 34. Ke3 Bb5 35. Nxb5 axb5 36. c6 Kd8 37. Rc5 b4 38. c7+ Kc8 39. Rxe5 Rg2 40. Rb5 Rxa2 41. Rxb4 Kxc7 42. Rb5 Rxh2 43. Rf5 Kd6 44. Rxf7 h5 45. Kf4 Rh1 46. Rh7 h4 47. Kf5 h3 48. f4 Kc6 49. e5 Kd5 50. Kf6 h2 51. f5 Kc6 52. e6 Kd6 53. e7 Kd7 54. Kf7 Re1 55. f6 Re2 56. Rxh2 Rxh2 57. e8=Q+ Kd6 58. Qb8+ 1-0


[Site "https://www.chess.com"]

[Event "Titled Tuesday Blitz November 08 Early 2022"]
[White "Farmani Anosheh, Armin"]
[Black "Derjabin, Ilja"]
[WhiteFideId "24613240"]
[BlackFideId "14104768"]
[WhiteElo "2289"]
[BlackElo "2312"]
[Result "1-0"]
[Round "04"]
[TimeControl "180+1"]
[Date "2022.11.09"]
[WhiteClock "0:00:21"]
[BlackClock "0:00:04"]

1. e4 c5 2. Nf3 d6 3. Bb5+ Nd7 4. d4 a6 5. Bxd7+ Bxd7 6. dxc5 dxc5 7. Ne5 Be6 8. Qxd8+ Rxd8 9. Be3 g6 10. Nc3 Bg7 11. Nd3 b6 12. a4 Bxc3+ 13. bxc3 f6 14. a5 b5 15. Nxc5 Bc8 16. Rb1 e5 17. c4 bxc4 18. Rb4 Ne7 19. Rxc4 Nc6 20. Nxa6 Nxa5 21. Rc5 Nb7 22. Rc6 Nd6 23. f3 Bb7 24. Nc7+ Kd7 25. Rc3 Rc8 26. Bb6 Bxe4 27. fxe4 Nxe4 28. Rc4 Nd6 29. Rc3 Rb8 30. Nd5 Ke6 31. Rd3 e4 32. Rd1 f5 33. Bd4 Rhc8 34. Nf4+ Ke7 35. c3 Nc4 36. O-O Rb2 37. Ra1 Rcb8 38. Ra7+ R8b7 39. Rxb7+ Rxb7 40. h4 Kd6 41. Ra1 Rb2 42. Ra6+ Kc7 43. Ra7+ Kc6 44. Rxh7 e3 45. Re7 e2 46. Rxe2 Rb1+ 47. Kh2 Nd6 48. Re6 Kd7 49. Rxg6 Ne4 50. Rg7+ Kd6 51. h5 Kc6 52. h6 Rb8 53. h7 Nf2 54. Ng6 Ng4+ 55. Kg3 Nf6 56. h8=Q Ne4+ 57. Kf4 Rxh8 58. Nxh8 Nf6 59. Rg6 Kd5 60. Rxf6 1-0


[Site "https://www.chess.com"]

[Event "Titled Tuesday Blitz November 08 Early 2022"]
[White "Fernandez Hernandez, Gerardo"]
[Black "Cella, Glaucio Dalla Cortt"]
[WhiteFideId "2207400"]
[BlackFideId "2119455"]
[WhiteElo "2233"]
[BlackElo "2011"]
[Result "0-1"]
[Round "04"]
[TimeControl "180+1"]
[Date "2022.11.09"]
[WhiteClock "0:00:01"]
[BlackClock "0:00:40"]

1. e4 c5 2. d3 Nc6 3. g3 e6 4. Bg2 d5 5. Nd2 Nf6 6. Ngf3 Be7 7. O-O O-O 8. e5 Nd7 9. Re1 b5 10. Nf1 Bb7 11. h4 d4 12. Bf4 Nb4 13. N1d2 h6 14. Ne4 Nd5 15. Qd2 Nxf4 16. Qxf4 Nb6 17. Qg4 a5 18. Qh5 Nd5 19. Qg4 a4 20. Nfd2 a3 21. b3 Qb6 22. Kh2 Rac8 23. Reb1 Qc7 24. Re1 Qxe5 25. Nxc5 Nf6 26. Qh3 Bxg2 27. Rxe5 Bxh3 28. Kxh3 Rxc5 29. Rae1 Rxc2 30. Nf3 Rxf2 31. Nxd4 Bb4 0-1


[Site "https://www.chess.com"]

[Event "Titled Tuesday Blitz November 08 Early 2022"]
[White "Fernandez Siles, Luis"]
[Black "Aradhya, Garg"]
[WhiteFideId "2209420"]
[BlackFideId "25006746"]
[WhiteElo "2186"]
[BlackElo "2223"]
[Result "0-1"]
[Round "04"]
[TimeControl "180+1"]
[Date "2022.11.09"]
[WhiteClock "0:00:40"]
[BlackClock "0:01:47"]

1. e4 e5 2. Nf3 Nc6 3. Bb5 a6 4. Ba4 Nf6 5. O-O Be7 6. Re1 b5 7. Bb3 O-O 8. d4 Nxd4 9. Nxe5 Nxb3 10. axb3 Bb7 11. f3 d5 12. exd5 Nxd5 13. Nc3 Re8 14. Nxd5 Qxd5 15. Bf4 Bf6 16. Qxd5 Bxd5 17. Nd3 c5 18. Rxe8+ Rxe8 19. Rxa6 c4 20. bxc4 bxc4 21. Nb4 Bd4+ 22. Kf1 c3 23. b3 Be6 24. Nc6 Bc5 25. b4 Bc4# 0-1


[Site "https://www.chess.com"]

[Event "Titled Tuesday Blitz November 08 Early 2022"]
[White "Fiedorek, Michal"]
[Black "Sihlongonyane, Sikhanyiso"]
[WhiteFideId "1199528"]
[BlackFideId "20700784"]
[WhiteElo "2201"]
[BlackElo "1574"]
[Result "1-0"]
[Round "04"]
[TimeControl "180+1"]
[Date "2022.11.09"]
[WhiteClock "0:01:06"]
[BlackClock "0:00:04"]

1. e4 c5 2. Nf3 d6 3. d4 cxd4 4. Nxd4 Nf6 5. Nc3 a6 6. Bg5 e5 7. Nb3 Be6 8. Qd2 Nbd7 9. O-O-O Be7 10. f4 b5 11. Bxf6 Nxf6 12. f5 Bc4 13. Kb1 Bxf1 14. Rhxf1 b4 15. Nd5 Nxe4 16. Qxb4 Nf6 17. Nxf6+ gxf6 18. Rd5 Rb8 19. Qa4+ Kf8 20. Qxa6 Rg8 21. g3 h5 22. Qe2 h4 23. gxh4 Qc7 24. h5 Qb7 25. Rfd1 Rg5 26. h6 Kg8 27. h4 Rxf5 28. Qg4+ 1-0


[Site "https://www.chess.com"]

[Event "Titled Tuesday Blitz November 08 Early 2022"]
[White "Firat, Burak"]
[Black "Liang, Awonder"]
[WhiteFideId "6305881"]
[BlackFideId "2056437"]
[WhiteElo "2626"]
[BlackElo "2995"]
[Result "0-1"]
[Round "04"]
[TimeControl "180+1"]
[Date "2022.11.09"]
[WhiteClock "0:00:12"]
[BlackClock "0:00:52"]

1. Nf3 a5 2. d4 a4 3. c4 e6 4. e4 d5 5. exd5 exd5 6. Nc3 Bb4 7. Bd3 Qe7+ 8. Be3 a3 9. Qc2 dxc4 10. Bxc4 Nf6 11. O-O O-O 12. Bg5 axb2 13. Qxb2 Bxc3 14. Qxc3 h6 15. Bh4 c6 16. Rfe1 Be6 17. Bxe6 fxe6 18. Ne5 Re8 19. a4 Nbd7 20. Rab1 Nxe5 21. dxe5 Nd5 22. Bxe7 Nxc3 23. Rxb7 Rxa4 24. f3 Rea8 25. h4 R8a7 26. Rb8+ Kh7 27. Re8 Ra2 28. Bc5 Rb7 29. Bd4 Ne2+ 30. Rxe2 Rxe2 31. Rxe6 Rb4 32. Rd6 Rc4 33. e6 c5 34. e7 Rxd4 0-1


[Site "https://www.chess.com"]

[Event "Titled Tuesday Blitz November 08 Early 2022"]
[White "Firouzja, Alireza"]
[Black "Rakhmanov, Aleksandr"]
[WhiteFideId "12573981"]
[BlackFideId "4173708"]
[WhiteElo "2903"]
[BlackElo "2530"]
[Result "1-0"]
[Round "04"]
[TimeControl "180+1"]
[Date "2022.11.08"]
[WhiteClock "0:00:15"]
[BlackClock "0:00:01"]

1. d4 Nf6 2. Bg5 Ne4 3. Bf4 d6 4. f3 Nf6 5. e4 e5 6. dxe5 Nh5 7. Be3 dxe5 8. Qxd8+ Kxd8 9. Nc3 c6 10. O-O-O+ Ke8 11. Bc4 Nd7 12. Kb1 b5 13. Bb3 a5 14. a3 Nc5 15. Bxc5 Bxc5 16. Nge2 Ke7 17. g4 Nf6 18. Ng3 g6 19. Rhf1 Ra7 20. g5 Nd7 21. a4 b4 22. Nce2 Ba6 23. h4 h6 24. gxh6 Rxh6 25. h5 Bxe2 26. Nxe2 Rxh5 27. f4 Nf6 28. Ng3 exf4 29. Rxf4 Rg5 30. e5 Rxe5 31. Rdf1 Nd7 32. Rxf7+ Kd8 33. Rd1 Kc8 34. Rg7 Re7 35. Rxg6 Kc7 36. Nf5 Rh7 37. Ng7 Kb6 38. Ne6 Ne5 39. Rg5 1-0


[Site "https://www.chess.com"]

[Event "Titled Tuesday Blitz November 08 Early 2022"]
[White "Forgacs, Attila Jr."]
[Black "Gronnestad, Anita"]
[WhiteFideId "773654"]
[BlackFideId "1502972"]
[WhiteElo "2168"]
[BlackElo "1939"]
[Result "1-0"]
[Round "04"]
[TimeControl "180+1"]
[Date "2022.11.09"]
[WhiteClock "0:00:22"]
[BlackClock "0:00:14"]

1. e4 c6 2. d4 d5 3. e5 c5 4. dxc5 Nc6 5. a3 Nxe5 6. b4 Nf6 7. Bb5+ Nc6 8. Nf3 Bg4 9. h3 Bxf3 10. Qxf3 e6 11. O-O a6 12. Ba4 Be7 13. Bb2 O-O 14. Nd2 Re8 15. Rad1 Qc7 16. c4 Rad8 17. Rfe1 Rd7 18. cxd5 Nxd5 19. Nc4 Red8 20. Ne5 Bf6 21. Nxd7 Bxb2 22. Nb6 Nd4 23. Qg3 Qxg3 24. fxg3 Nxb6 25. cxb6 Rc8 26. Re4 e5 27. Kh2 f6 28. g4 Bxa3 29. g5 Bxb4 30. gxf6 gxf6 31. Rf1 Kg7 32. Rg4+ Kf7 33. Rh4 Kg6 34. Bd1 Rc3 35. Bh5+ Kg7 36. Rg4+ Kh6 37. Be8 f5 38. Rg8 a5 39. Bf7 a4 40. Bd5 a3 41. Bxb7 a2 42. Bd5 Ra3 43. b7 e4 44. b8=Q Bd6+ 45. Qxd6+ 1-0


[Site "https://www.chess.com"]

[Event "Titled Tuesday Blitz November 08 Early 2022"]
[White "Gabrielian, Artur"]
[Black "Tari, Aryan"]
[WhiteFideId "4131002"]
[BlackFideId "1510045"]
[WhiteElo "2432"]
[BlackElo "2612"]
[Result "1/2-1/2"]
[Round "04"]
[TimeControl "180+1"]
[Date "2022.11.08"]
[WhiteClock "0:00:09"]
[BlackClock "0:00:03"]

1. e4 c6 2. d4 d5 3. e5 Bf5 4. h4 c5 5. dxc5 Nc6 6. Nf3 e6 7. Be3 Bg4 8. Nbd2 Nh6 9. c3 Nf5 10. Qa4 Nxe3 11. fxe3 Bxf3 12. Nxf3 Bxc5 13. e4 Qb6 14. O-O-O O-O 15. exd5 exd5 16. Bd3 h6 17. Kb1 d4 18. cxd4 Nxd4 19. Nxd4 Bxd4 20. Bh7+ Kxh7 21. Qxd4 Qg6+ 22. Qd3 Rad8 23. Qxg6+ Kxg6 24. g4 h5 25. Rdg1 hxg4 26. Rxg4+ Kh6 27. Rf1 g6 28. Rgf4 Kg7 29. h5 Rde8 30. h6+ Kg8 31. h7+ Kg7 32. h8=Q+ Kxh8 33. Rxf7 Kg8 34. R7f6 Rxf6 35. Rxf6 Kg7 36. Rd6 Kf7 37. Rf6+ Kg7 38. Rd6 Rxe5 39. Rd7+ Kf6 40. Rxb7 g5 41. Rxa7 g4 42. Ra8 g3 43. Rf8+ Kg7 44. Rf1 Re2 45. a4 Kg6 46. Rf3 g2 47. Rg3+ Kf5 48. Ka2 Kf4 49. Rg8 Kf3 50. Ka3 Re3+ 51. b3 Re4 52. Rxg2 Kxg2 53. a5 Kg3 54. b4 Kf4 55. a6 Re1 56. Ka4 Ke5 57. Kb5 Kd6 58. Kb6 Kd7 59. Kb7 Rb1 60. a7 Rxb4+ 61. Ka8 Rc4 62. Kb7 Rb4+ 63. Ka8 Ra4 64. Kb7 Ra1 65. a8=Q Rb1+ 66. Ka6 Ra1+ 67. Kb7 Rb1+ 68. Ka6 Ra1+ 69. Kb7 1/2-1/2


[Site "https://www.chess.com"]